 Dungeon Crawl Stone Soup version 0.27-a0-1291-geefcff550b (webtiles) character file.

Game seed: 4116300109137818205

16 Drazool the Magician (level 2, 19/22 HPs)
             Began as a Djinni Fire Elementalist on June 15, 2021.
             Was a Follower of Wu Jian.
             Quit the game on level 1 of the Dungeon.
             The game lasted 00:01:31 (637 turns).

Drazool the Magician (Djinni Fire Elementalist)      Turns: 637, Time: 00:01:32

Health: 19/22      AC:  2    Str:  7    XL:     2   Next: 75%
Gold:   31         EV: 12    Int: 16    God:    Wu Jian [*.....] SH:  0 Dex: 13

rFire    + + .     SeeInvis .   b - +0 mace
rCold    x . .     Faith    .   (no shield)
rNeg     . . .     Spirit   .   a - +0 robe
rPois    ∞         Reflect  .   (no helmet)
rElec    .         Harm     .   (no cloak)
rCorr    .         Rampage  .   (no gloves)
Will     .....                  (boots unavailable)
Stlth    ++........             (no amulet)
HPRegen  0.07/turn              (no ring)
MPRegen  0.00/turn              (no ring)

@: flying
A: sickness immunity, fire resistance 2, cold vulnerability 1, float, innate
caster, hp casting, extra vitality 1
a: Renounce Religion


You were on level 1 of the Dungeon.
You worshipped Wu Jian.
Wu Jian was aware of your devotion.
You visited 1 branch of the dungeon, and saw 1 of its levels.

You collected 31 gold pieces.


Innate Abilities, Weirdness & Mutations

You are immune to sickness and miasma.
You are immune to poison.
Your flesh is very heat resistant. (rF++)
You are vulnerable to cold. (rC-)
You float through the air rather than walking.
You learn spells naturally, not from books.
Your magical power is your life essence.
You have superior vitality. (+4 HP)


   Skills:
 + Level 1.0 Fighting
 - Level 2.1 Dodging
 - Level 1.5 Stealth
 * Level 2.9 Spellcasting


You couldn't memorise any spells.
You knew the following spells:

 Your Spells              Type           Power      Damage    Failure   Level
b - Fireball              Conj/Fire      5%         3d5       85%         5
c - Conjure Flame         Conj/Fire      11%        6-21      17%         3
f - Foxfire               Conj/Fire      44%        2x1d6     6%          1
r - Inner Flame           Hex/Fire       11%        N/A       17%         3
y - Sticky Flame          Conj/Fire      11%        2d3       50%         4
Your spell library was empty.

Inventory:

Hand Weapons
 b - a +0 mace (weapon)
Armour
 a - a +0 robe (worn)
Potions
 c - 2 potions of cancellation {unknown}
 d - a potion of heal wounds {unknown}

Dungeon Overview and Level Annotations

Branches:
Dungeon (1/15)

Altars:
Wu Jian

#. #.# ## ###. #. #.#
#.# .. ..#. #.
#.##.#.. #.. #.#. #.
##...###.# #.. #.#. #.
#.....# #.##.. #.#.
#####.###.....#
##.#..##.#.
..............#
#..)...#.## #.....@§.#
#...#.#. ##.#####§.#
#....... #.#
#.######..#.#. #.# #
....†...#... #.# #.
##.####.####
#.#####.## #.####.####
#.......[###..........
###.#####....####.####
##.###..........#


There were no monsters in sight!


Message History

You conjure some foxfire!
You conjure some foxfire!
The hobgoblin shouts!
You conjure some foxfire!
The foxfire hits the hobgoblin.
The hobgoblin is moderately wounded.
The foxfire hits the hobgoblin.
You kill the hobgoblin!
Your foxfire dissipates!
Your foxfire dissipates!
Found an orange potion.
d - an orange potion
Found a robe.
Found a faded altar of an unknown god.
Casting: Foxfire (safe; 6% risk of failure)
Confirm with . or Enter, or press ? or * to list all spells.
Okay, then.
A rat comes into view.
You conjure some foxfire!
You conjure some foxfire!
The foxfire hits the rat.
You kill the rat!
You conjure some foxfire!
Your foxfire dissipates!
Your foxfire dissipates!
There is a faded altar of an unknown god here.
You cannot tell which god this altar belongs to.
Convert to them anyway?
Wu Jian accepts your prayer! The Council welcomes you!
You can now perform damaging attacks by moving towards foes.
You can now lightly attack monsters by moving around them.
Your foxfire dissipates! x2
Are you sure you want to abandon this character and quit the game? (Confirm with "yes".)

Skill      XL: |  1  2 |
---------------+-------+-----
Fighting       | 1 |  1.0
Dodging        | |  2.1
Stealth        | |  1.5
Spellcasting   | |  2.9

Action                   || total
-------------------------++-------
 Cast: Foxfire           ||    27

Levels and vault maps discovered:
D:1:      zelgadis_glass_arrival_small, layout_loops_ring,
          basic_ecumenical_altar, hangedman_abyss_or_decor_stabs

Notes
Turn   | Place    | Note
-------+----------+-------------------------------------------
     0 | D:1      | Drazool the Djinni Fire Elementalist began the quest for
                  | the Orb.
     0 | D:1      | Reached XP level 1. HP: 15/15 MP: 0/0
   241 | D:1      | Reached XP level 2. HP: 19/22 MP: 0/0
   513 | D:1      | Reached skill level 1 in Fighting
   628 | D:1      | Found a faded altar of an unknown god.
   636 | D:1      | Became a worshipper of the Wu Jian Council
   636 | D:1      | Reached * piety under Wu Jian
   637 | D:1      | Quit the game

Vanquished Creatures
  A dart slug (D:1)
  A ball python (D:1)
  2 endoplasms (D:1)
  3 goblins (D:1)
  3 hobgoblins (D:1)
  A frilled lizard (D:1)
  A rat (D:1)
12 creatures vanquished.

Vanquished Creatures (others)
  42 foxfires (D:1)
42 creatures vanquished.

Grand Total: 54 creatures vanquished

Table legend: (Time is in decaauts)
 A = Elapsed time spent in this place.
 B = Non-inter-level travel time spent in this place.
 C = Inter-level travel time spent in this place.
 D = Time resting spent in this place.
 E = Time spent auto-exploring this place.
 F = Levels seen in this place.
 G = Mean time per level.
                   A        B        C        D        E       F      G
               +--------+--------+--------+--------+--------+-----+--------+
         Total |    636 |    636 |      0 |      0 |    568 |   1 |  636.0 |
       Dungeon |    636 |    636 |      0 |      0 |    568 |   1 |  636.0 |
               +--------+--------+--------+--------+--------+-----+--------+

Top non-repeatable levels by time:
     D:1: 636 daAuts

Table legend:
 A = Non-vault XP
 B = Vault XP
 C = Vault XP percentage of total XP
 D = Non-vault monster count
 E = Vault monster count
 F = Vault count percentage of total count
                 A         B        C        D         E       F
            +---------+---------+-------+---------+---------+-------
      Total |      24 |       0 |   0.0 |      12 |       0 |   0.0
            +---------+---------+-------+---------+---------+-------
        D:1 |      24 |       0 |   0.0 |      12 |       0 |   0.0
            +---------+---------+-------+---------+---------+-------
